 Dungeon Crawl Stone Soup version 0.26.1-11-gd32895ea62 (webtiles) character file.

Game seed: 3262309353493845444

8439 jlumianski the Thaumaturge (level 11, -9/88 HPs)
             Began as a Gnoll Warper on June 3, 2021.
             Was an Elder of Okawaru.
             Mangled by a troll (12 damage)
             ... on level 10 of the Dungeon.
             The game lasted 01:20:53 (13582 turns).

jlumianski the Thaumaturge (Gnoll Warper)          Turns: 13582, Time: 01:20:53

Health: -9/88      AC: 18    Str: 14    XL:     11   Next: 30%
Magic:  14/23      EV: 16    Int: 17    God:    Okawaru [****..]
Gold:   422        SH:  0    Dex: 16    Spells: 11/26 levels left

rFire    + . .     SeeInvis .   Q - +5 battleaxe
rCold    . . .     Faith    +   (shield currently unavailable)
rNeg     . . .     Spirit   .   R - +1 ring mail {rF+}
rPois    .         Reflect  .   (no helmet)
rElec    .         Harm     .   r - +1 cloak
rCorr    .         Rampage  .   (no gloves)
Will     .....     Clarity  +   N - +2 pair of boots
Stlth    +++.......             S - amulet of faith
HPRegen  0.24/turn              t - ring of wizardry
MPRegen  0.18/turn              P - +4 ring of protection

@: no status effects
A: distributed training, fangs 1, rugged brown scales 1, clarity, strong nose
a: Renounce Religion, Heroism


You were on level 10 of the Dungeon.
You worshipped Okawaru.
Okawaru was greatly pleased with you.
You visited 2 branches of the dungeon, and saw 12 of its levels.

You collected 512 gold pieces.
You spent 90 gold pieces at shops.

Inventory:

Hand Weapons
 b - a +0 scimitar of flaming
 x - a +2 whip of freezing
 y - a +1 hand axe of venom
 Q - a +5 battleaxe (weapon)
 U - a +2 shortbow of flaming
Missiles
 e - 5 boomerangs of dispersal
 s - 5 silver boomerangs
 u - 3 poisoned darts (quivered)
 J - 7 boomerangs
 V - 72 arrows
Armour
 r - a +1 cloak (worn)
 v - a +0 ring mail of cold resistance
 N - a +2 pair of boots (worn)
 R - a +1 ring mail of fire resistance (worn)
Magical Staves
 h - an uncursed staff of air
Jewellery
 o - an uncursed ring of fire
 q - an uncursed amulet of reflection
 t - a ring of wizardry (left hand)
 z - an uncursed ring of stealth
 A - a +6 ring of dexterity
 P - a +4 ring of protection (right hand)
 S - an amulet of faith (around neck)
 W - an uncursed ring of fire
Wands
 D - a wand of acid (4)
 H - a wand of flame (30)
 L - a wand of random effects (11)
 X - a wand of disintegration (9)
Scrolls
 d - 3 scrolls of blinking
 f - 5 scrolls of identify
 g - 5 scrolls of teleportation
 j - 9 scrolls of remove curse
 w - a scroll of fog
 F - 2 scrolls of fear
 I - 4 scrolls of amnesia
Potions
 a - a potion of might
 c - 2 potions of magic
 k - a potion of mutation
 l - 7 potions of curing
 m - 3 potions of haste
 n - 3 potions of heal wounds
 C - a potion of cancellation
 K - 3 potions of lignification


   Skills:
 + Level 7.8 Fighting
 + Level 6.1 Short Blades
 + Level 6.1 Long Blades
 + Level 7.8 Axes
 + Level 6.1 Maces & Flails
 + Level 6.1 Polearms
 + Level 6.1 Staves
 + Level 6.1 Slings
 + Level 6.1 Bows
 + Level 6.1 Crossbows
 + Level 6.7 Throwing
 + Level 6.7 Armour
 + Level 7.8 Dodging
 + Level 6.1 Stealth
 + Level 6.1 Shields
 + Level 6.1 Unarmed Combat
 + Level 8.0 Spellcasting
 + Level 5.1 Conjurations
 + Level 5.1 Hexes
 + Level 5.1 Summonings
 + Level 5.1 Necromancy
 + Level 7.6 Translocations
 + Level 5.1 Transmutations
 + Level 5.1 Fire Magic
 + Level 5.1 Ice Magic
 + Level 5.1 Air Magic
 + Level 5.1 Earth Magic
 + Level 5.1 Poison Magic
 + Level 6.7 Invocations
 + Level 6.1 Evocations


You had 11 spell levels left.
You knew the following spells:

 Your Spells              Type           Power        Failure   Level
a - Blink                 Tloc           N/A          1%          2
b - Gell's Gravitas       Tloc           16%          1%          3
c - Corona                Hex            26%          1%          1
d - Ensorcelled Hibernat  Hex/Ice        48%          1%          2
e - Summon Small Mammal   Summ           96%          1%          1
f - Dazzling Flash        Conj/Hex       48%          2%          3
g - Tukima's Dance        Hex            24%          2%          3

Your spell library contained the following spells:

 Spells                   Type           Power        Failure   Level
 Animate Skeleton         Necr           48%          1%          1
 Apportation              Tloc           64%          1%          1
 Lesser Beckoning         Tloc           16%          1%          3
 Teleport Other           Tloc           32%          1%          3
 Confusing Touch          Hex            24%          2%          3
 Passage of Golubria      Tloc           N/A          3%          4


Dungeon Overview and Level Annotations

Branches:
Dungeon (11/15)            Temple (1/1) D:7             Orc (0/2) D:10
   Lair: D:8-11

Altars:
Ashenzari
Cheibriados
Dithmenos
Elyvilon
Fedhas
Gozag
Hepliaklqana
Kikubaaqudgha
Makhleb
Nemelex Xobeh
Okawaru
Qazlal
Ru
Sif Muna
Trog
Uskayaw
Vehumet
Wu Jian
Xom
Yredelemnul
Zin
The Shining One

Shops:
D:4 [

Annotations:
D:2 1 runed translucent door, Crazy Yiuf


Innate Abilities, Weirdness & Mutations

Your experience applies equally to all skills.
You have very sharp teeth.
Your uncanny sense of smell can sniff out nearby items.
You are partially covered in rugged brown scales. (AC +1, +3% HP)
You possess an exceptional clarity of mind.


Message History

* * * LOW HITPOINT WARNING * * *
The troll barely misses you. The troll closely misses you.
The troll barely misses you. x2
You closely miss the troll. You bite the troll, but do no damage.
The troll is severely wounded.
The troll is no longer blind.
The troll barely misses you. The troll claws you but does no damage.
The troll closely misses you.
You hit the troll.
The troll is severely wounded.
The troll bites you.
* * * LOW HITPOINT WARNING * * *
The troll claws you but does no damage. The troll claws you!
* * * LOW HITPOINT WARNING * * *
Casting: Dazzling Flash (mildly dangerous; 2% risk of failure)
Confirm with . or Enter, or press ? or * to list all spells.
You blink.
Casting: Blink (safe; 1% risk of failure)
Confirm with . or Enter, or press ? or * to list all spells.
You blink.
The troll bites you!
You die...

#...#####################
#.......................#
#########.......................#
........†.###########...........#
........>.#.........#...........#
..........#.........#...........#
..........'.........#...........#
###.......###########...........#
..#.............@...............#
..#..............T§.............#
..#################.............#
..................#............[#
#######...........#......########
......#...#######.#......#
......#...#.....#.#......#
......#...'.....#.#......#
......#...#.....#.#......#


You could see a troll.

Vanquished Creatures
  Erolcha (D:11)
  A centaur warrior (D:9)
  Erica (D:10)
  Pikel (D:5)
  2 hornets (D:7)
  Grinder (D:4)
  A steam dragon (D:10)
  A warg (D:9)
  Edmund (D:4)
  Duvessa (D:5)
  A water moccasin (D:8)
  2 black bears (D:6)
  7 orc warriors
  3 ice beasts
  A sky beast (D:10)
  An eye of draining (D:10)
  2 ogres (D:8)
  3 phantoms
  4 centaurs
  A wolf (D:10)
  2 bullfrogs (D:8)
  Dowan (D:5)
  A scorpion (D:10)
  3 killer bees (D:9)
  2 howler monkeys
  8 wights
  A bullfrog skeleton (D:4)
  3 bullfrog zombies
  A jelly (D:8)
  4 hounds
  3 orc priests
  9 orc wizards
  3 iguanas
  6 worker ants
  Terence (D:2)
  A hound skeleton (D:6)
  A worker ant zombie (D:5)
  A howler monkey zombie (D:9)
  7 gnolls
  12 adders
  3 shadow imps
  2 oozes
  An adder zombie (D:6)
  5 worms
  9 leopard geckos
  35 orcs
  8 bats
  5 giant cockroaches
  9 hobgoblins
  11 jackals
  5 kobolds
  3 quokkas
  A ball python (D:5)
  A ball python skeleton (D:4)
  9 frilled lizards
  7 goblins
  A jackal zombie (D:6)
  A leopard gecko skeleton (D:4)
  A leopard gecko zombie (D:5)
  A quokka zombie (D:6)
  2 rats
226 creatures vanquished.

Vanquished Creatures (collateral kills)
  A two-headed ogre (D:10)
  2 orc warriors (D:10)
  A jelly (D:7)
4 creatures vanquished.

Grand Total: 230 creatures vanquished

Notes
Turn   | Place    | Note
-------+----------+-------------------------------------------
     0 | D:1      | jlumianski the Gnoll Warper began the quest for the Orb.
     0 | D:1      | Reached XP level 1. HP: 20/20 MP: 6/6
   201 | D:1      | Reached XP level 2. HP: 22/26 MP: 7/7
   204 | D:1      | Learned a level 2 spell: Blink
   983 | D:2      | Found a faded altar of an unknown god.
  1005 | D:2      | Reached skill level 5 in Spellcasting
  1005 | D:2      | Reached XP level 3. HP: 21/31 MP: 7/9
  1009 | D:2      | Gained mutation: You are partially covered in rugged brown
                  | scales. (AC +1, +3% HP) [potion of mutation]
  1009 | D:2      | Gained mutation: You possess an exceptional clarity of
                  | mind. [potion of mutation]
  1459 | D:2      | Learned a level 3 spell: Gell's Gravitas
  1605 | D:2      | Reached skill level 1 in Invocations
  1725 | D:2      | Reached skill level 1 in Short Blades
  1725 | D:2      | Reached skill level 1 in Long Blades
  1725 | D:2      | Reached skill level 1 in Maces & Flails
  1725 | D:2      | Reached skill level 1 in Polearms
  1725 | D:2      | Reached skill level 1 in Staves
  1725 | D:2      | Reached skill level 1 in Slings
  1725 | D:2      | Reached skill level 1 in Bows
  1725 | D:2      | Reached skill level 1 in Crossbows
  1725 | D:2      | Reached skill level 1 in Stealth
  1725 | D:2      | Reached skill level 1 in Shields
  1725 | D:2      | Reached skill level 1 in Unarmed Combat
  1725 | D:2      | Reached skill level 1 in Evocations
  1763 | D:2      | Found a runed translucent door.
  1764 | D:2      | Noticed Crazy Yiuf
  1850 | D:2      | Reached XP level 4. HP: 26/39 MP: 8/11
  2166 | D:2      | Noticed Terence
  2210 | D:2      | Killed Terence
  2211 | D:2      | Reached skill level 1 in Conjurations
  2211 | D:2      | Reached skill level 1 in Hexes
  2211 | D:2      | Reached skill level 1 in Summonings
  2211 | D:2      | Reached skill level 1 in Necromancy
  2211 | D:2      | Reached skill level 1 in Transmutations
  2211 | D:2      | Reached skill level 1 in Fire Magic
  2211 | D:2      | Reached skill level 1 in Ice Magic
  2211 | D:2      | Reached skill level 1 in Air Magic
  2211 | D:2      | Reached skill level 1 in Earth Magic
  2211 | D:2      | Reached skill level 1 in Poison Magic
  2881 | D:3      | Reached XP level 5. HP: 44/44 MP: 12/12
  3982 | D:4      | Found a basalt altar of Yredelemnul.
  4099 | D:4      | Reached XP level 6. HP: 51/51 MP: 13/13
  4592 | D:4      | Noticed Edmund
  4609 | D:4      | Killed Edmund
  4610 | D:4      | Reached skill level 5 in Fighting
  4610 | D:4      | Reached skill level 5 in Axes
  4610 | D:4      | Reached skill level 5 in Dodging
  4706 | D:4      | Found Deoschaa's Antique Armour Emporium.
  4928 | D:4      | Noticed Grinder
  4937 | D:4      | Paralysed by Grinder for 6 turns
  4948 | D:4      | Paralysed by Grinder for 2 turns
  4965 | D:4      | Killed Grinder
  4966 | D:4      | Reached XP level 7. HP: 28/57 MP: 15/15
  5215 | D:5      | Entered Level 5 of the Dungeon
  5230 | D:5      | Noticed Pikel
  5231 | D:5      | Found a sparkling altar of Nemelex Xobeh.
  5246 | D:5      | Killed Pikel
  5247 | D:5      | Reached XP level 8. HP: 54/64 MP: 5/16
  5347 | D:5      | Reached skill level 6 in Spellcasting
  5621 | D:5      | Noticed Duvessa
  5621 | D:5      | Noticed Dowan
  5632 | D:5      | Killed Dowan
  5639 | D:5      | Killed Duvessa
  5901 | D:5      | Found a shimmering altar of Xom.
  5903 | D:5      | Found a hide-covered altar of Uskayaw.
  6068 | D:5      | Learned a level 1 spell: Corona
  6071 | D:5      | Learned a level 2 spell: Ensorcelled Hibernation
  6148 | D:5      | Found a sparkling altar of Nemelex Xobeh.
  6152 | D:5      | Found a burning altar of Makhleb.
  6156 | D:5      | Found a glowing golden altar of the Shining One.
  6521 | D:6      | Learned a level 1 spell: Summon Small Mammal
  6546 | D:6      | Reached XP level 9. HP: 47/71 MP: 18/18
  7081 | D:6      | Found a blossoming altar of Fedhas.
  7460 | D:7      | Reached skill level 5 in Throwing
  7460 | D:7      | Reached skill level 5 in Armour
  7717 | D:7      | Noticed a hornet
  7723 | D:7      | Paralysed by a hornet for 1 turns
  7726 | D:7      | Killed a hornet
  7900 | D:7      | Found a staircase to the Ecumenical Temple.
  7909 | Temple   | Entered the Ecumenical Temple
  8014 | Temple   | Became a worshipper of Warmaster Okawaru
  8209 | D:7      | Reached skill level 5 in Invocations
  9038 | D:8      | Noticed a hornet
  9056 | D:7      | Killed a hornet
  9057 | D:7      | Reached skill level 7 in Spellcasting
  9057 | D:7      | Reached XP level 10. HP: 25/79 MP: 14/20
  9449 | D:8      | Reached * piety under Okawaru
  9625 | D:8      | Found Zin's Purification Station.
  9628 | D:8      | Found a glowing silver altar of Zin.
  9633 | D:8      | Bought a potion of curing for 90 gold pieces
  9661 | D:8      | Reached skill level 5 in Short Blades
  9661 | D:8      | Reached skill level 5 in Long Blades
  9661 | D:8      | Reached skill level 5 in Maces & Flails
  9661 | D:8      | Reached skill level 5 in Polearms
  9661 | D:8      | Reached skill level 5 in Staves
  9661 | D:8      | Reached skill level 5 in Slings
  9661 | D:8      | Reached skill level 5 in Bows
  9661 | D:8      | Reached skill level 5 in Crossbows
  9661 | D:8      | Reached skill level 5 in Stealth
  9661 | D:8      | Reached skill level 5 in Shields
  9661 | D:8      | Reached skill level 5 in Unarmed Combat
  9661 | D:8      | Reached skill level 5 in Evocations
  9870 | D:8      | Found a sacrificial altar of Ru.
  9901 | D:8      | Found a broken altar of Ashenzari.
  9960 | D:8      | Found a stormy altar of Qazlal.
 10115 | D:8      | Found a white marble altar of Elyvilon.
 10243 | D:8      | Found a shadowy altar of Dithmenos.
 10797 | D:9      | Learned a level 3 spell: Dazzling Flash
 10801 | D:9      | Learned a level 3 spell: Tukima's Dance
 10998 | D:9      | Reached ** piety under Okawaru
 11184 | D:9      | Found a shimmering blue altar of Sif Muna.
 11233 | D:9      | Noticed a centaur warrior
 11238 | D:9      | Found a large runed translucent door.
 11239 | D:9      | Found a large runed translucent door.
 11244 | D:9      | Noticed a centaur warrior
 11248 | D:9      | Noticed a two-headed ogre
 11299 | D:9      | Found a radiant altar of Vehumet.
 11361 | D:9      | Noticed a naga warrior
 11387 | D:9      | Found an iron altar of Okawaru.
 11387 | D:9      | Found an iron altar of Okawaru.
 11700 | D:10     | Entered Level 10 of the Dungeon
 11960 | D:10     | Found a staircase to the Orcish Mines.
 12252 | D:9      | Killed a centaur warrior
 12252 | D:9      | Reached *** piety under Okawaru
 12718 | D:10     | Noticed Erica
 12730 | D:10     | Killed Erica
 12731 | D:10     | Reached XP level 11. HP: 72/86 MP: 20/22
 12940 | D:10     | Noticed a two-headed ogre
 12950 | D:10     | Killed a two-headed ogre
 12950 | D:10     | Received a gift from Okawaru
 12951 | D:10     | Reached skill level 5 in Conjurations
 12951 | D:10     | Reached skill level 5 in Hexes
 12951 | D:10     | Reached skill level 5 in Summonings
 12951 | D:10     | Reached skill level 5 in Necromancy
 12951 | D:10     | Reached skill level 5 in Transmutations
 12951 | D:10     | Reached skill level 5 in Fire Magic
 12951 | D:10     | Reached skill level 5 in Ice Magic
 12951 | D:10     | Reached skill level 5 in Air Magic
 12951 | D:10     | Reached skill level 5 in Earth Magic
 12951 | D:10     | Reached skill level 5 in Poison Magic
 13472 | D:11     | Noticed Erolcha
 13517 | D:11     | Killed Erolcha
 13518 | D:11     | Reached skill level 8 in Spellcasting
 13535 | D:10     | Reached **** piety under Okawaru
 13571 | D:10     | HP: 1/88 [troll (12)]
 13582 | D:10     | Mangled by a troll

Illustrated notes

Levels and vault maps discovered:
D:1:      evilmike_arrival_hilbert_curve, layout_basic, minmay_domino_2
D:2:      layout_basic, chequers_ecumenical_altar_island,
          minmay_misc_feat_hallway, hangedman_abyss_or_decor_stabs,
          uniq_terence, uniq_crazy_yiuf_cottage
D:3:      layout_rooms
D:4:      layout_basic, lemuel_crystal_altar, serial_shops,
          nicolae_shop_behind_doors, uniq_edmund, uniq_grinder
D:5:      layout_loops_cross, grunt_temple_overflow_diamond, minitemple,
          basic_altar, uniq_duvessa, uniq_pikel
D:6:      layout_gridville, fedhas_altar_1
D:7:      layout_basic, minmay_temple_entry_waves
D:8:      layout_cave_pools, nicolae_qazlal_style_of_elements,
          cheibrodos_ashenzari_chains, zin_purify,
          lemuel_coloured_pillars_altar, basic_altar, minmay_door_square,
          grunt_dithmenos_shadows
D:9:      okawaru_arena_lexackson, layout_rooms, lemuel_blue_sif_altar,
          kennysheep_little_box, chequers_mini_garden
D:10:     layout_irregular_city, david_orc_1_choice, uniq_erica
D:11:     layout_layer_cave, erik_lair_island, enter_bailey_5, uniq_nergalle,
          uniq_erolcha
Temple:   compressed_dpeg_triangle_lava_temple

Skill      XL: |  1  2  3  4  5  6  7  8  9 10 11 |
---------------+----------------------------------+-----
Spellcasting   | 5 6 7 8 |  8.0
Invocations    | 1 2 3 4 5 6 |  6.7
Short Blades   | 1 2 3 4 5 6 |  6.1
Long Blades    | 1 2 3 4 5 6 |  6.1
Maces & Flails | 1 2 3 4 5 6 |  6.1
Polearms       | 1 2 3 4 5 6 |  6.1
Staves         | 1 2 3 4 5 6 |  6.1
Slings         | 1 2 3 4 5 6 |  6.1
Bows           | 1 2 3 4 5 6 |  6.1
Crossbows      | 1 2 3 4 5 6 |  6.1
Stealth        | 1 2 3 4 5 6 |  6.1
Shields        | 1 2 3 4 5 6 |  6.1
Unarmed Combat | 1 2 3 4 5 6 |  6.1
Evocations     | 1 2 3 4 5 6 |  6.1
Conjurations   | 1 2 3 4 5 |  5.1
Hexes          | 1 2 3 4 5 |  5.1
Summonings     | 1 2 3 4 5 |  5.1
Necromancy     | 1 2 3 4 5 |  5.1
Transmutations | 1 2 3 4 5 |  5.1
Fire Magic     | 1 2 3 4 5 |  5.1
Ice Magic      | 1 2 3 4 5 |  5.1
Air Magic      | 1 2 3 4 5 |  5.1
Earth Magic    | 1 2 3 4 5 |  5.1
Poison Magic   | 1 2 3 4 5 |  5.1
Throwing       | 3 4 5 6 |  6.7
Armour         | 3 4 5 6 |  6.7
Fighting       | 5 6 7 |  7.8
Axes           | 5 6 7 |  7.8
Dodging        | 5 6 7 |  7.8
Translocations | 6 7 |  7.6

Action                   |  1- 3 |  4- 6 |  7- 9 | 10-12 || total
-------------------------+-------+-------+-------+-------++-------
Melee: Hand axe          |    83 |   209 |   281 |       ||   573
       Bite              |     2 |    23 |    41 |    27 ||    93
       Punch             |     1 |     3 |    11 |       ||    15
       Battleaxe         |       |       |    12 |   227 ||   239
 Fire: Hunting sling     |    10 |    64 |       |       ||    74
Throw: Stone             |    32 |     1 |     4 |       ||    37
       Dart              |       |    10 |     4 |     3 ||    17
       Boomerang         |       |     2 |       |       ||     2
 Cast: Blink             |     2 |    10 |    10 |     8 ||    30
       Gell's Gravitas   |     1 |    14 |    27 |     9 ||    51
       Ensorcelled Hiber |       |       |     4 |     1 ||     5
       Summon Small Mamm |       |       |    14 |     1 ||    15
       Corona            |       |       |    10 |     8 ||    18
       Dazzling Flash    |       |       |       |     3 ||     3
       Tukima's Dance    |       |       |       |     5 ||     5
Invok: Heroism           |       |       |       |     2 ||     2
Evoke: Wand              |       |       |     3 |     7 ||    10
  Use: Potion            |     2 |       |     5 |     8 ||    15
       Scroll            |     1 |     6 |       |     7 ||    14
 Stab: Sleeping          |     1 |     1 |    10 |     7 ||    19
Armor: Leather armour    |    10 |    26 |       |       ||    36
       Ring mail         |       |    23 |    82 |   116 ||   221
Dodge: Dodged            |    52 |   123 |   194 |   244 ||   613
Block: Other             |       |    43 |    78 |     9 ||   130
